cohdb
Replays
Latest Replays
All Replays
Popular Replays
Top Player Replays
Match Explorer
How It Works
Community
CoH3 Stats
Reddit
Sign in to upload your games and track your stats! →
Sign in with Steam
Match 39528194
Unlisted
Match 39528194
Overview
Messages
Build Orders
End
Kettenkrad Recon Vehicle
Construct Infanterie Kompanie
Grenadier Squad
Selects Terror Battlegroup
Selects Machine Gun Camouflage
MG 42 Machine Gun Team
Grenadier Squad
GrW 34 Mortar Team
Construct Panzergrenadier Kompanie
Selects Interrogate
Pak 40 Anti-tank Gun Team
251 Medium Carrier
Medical Station
Panzergrenadier Squad
Support Elements
StuG III G Assault Gun
Selects Jericho Trumpet
Panzergrenadier Squad
StuG III G Assault Gun
Nebelwerfer 42 Rocket Launcher Team
StuG III G Assault Gun
Selects V1 Rocket Strike
Side Skirts
Jericho Trumpet
Selects Defend the Fatherland
Panzergrenadier Squad
Jericho Trumpet
Selects King Tiger Heavy Tank
King Tiger Heavy Tank
StuG III G Assault Gun
BigTiddyLebron
kreumat
RunningWithFate
Onoyk
0
0
Comments
sign in to comment!
No comments posted yet!